AoeStats
← sermarqu

Black Forest

510388732Analyzed
3v3 RM · 21h ago on Sep 30, 2026· 69m 10s· 6 players
Game mode
Random Map
Map size
Normal (6 player)
Population
200
Speed
Normal
Resources
Standard
Victory
Conquest
Starting age
Dark Age
Ending age
Imperial Age
RankedLock teamsTeams togetherTeam positionsShared explorationLock speedFull tech treeHidden civsTurbo modeCheats
Victory
Defeat
🇪🇸 Spanish · Spain
667
+28
🇪🇸 Turks · Spain
503
+16
🇪🇸 Italians · Spain
502
+17
🇺🇸 Bohemians · United States
576
-17
🇱🇺 Spanish · Luxembourg
496
-13
🇺🇸 Dravidians · United States
487
-13
jcsteele121711
12:01 Feudal Age
16:07 Castle Age
14:51 Double-Bit Axe
18:26 Horse Collar
22:57 Town Watch
27:12 Heavy Plow
27:47 Bow Saw
32:58 Imperial Age
30:22 Pikeman
31:08 Squires
32:13 Forging
32:18 Fletching
32:36 Elite Skirmisher
34:32 Iron Casting
35:16 Chemistry
34:29 Bodkin Arrow
35:42 Bracer
36:28 Houfnice
40:51 Padded Archer Armor
42:19 Halberdier
44:05 Blast Furnace
43:22 Leather Archer Armor
43:28 Leather Archer Armor
44:19 Ballistics
45:45 Siege Engineers
El Gringo (6ty9ne)
11:45 Feudal Age
13:26 Double-Bit Axe
13:48 Horse Collar
16:24 Scale Mail Armor
16:35 Forging
16:32 Scale Barding Armor
22:08 Castle Age
20:30 Gold Mining
24:08 Wheelbarrow
24:35 Caravan
26:46 Bow Saw
26:41 Heavy Plow
28:15 Stone Mining
30:53 Hand Cart
33:14 Imperial Age
35:43 Stone Shaft Mining
36:14 Two-Man Saw
34:52 Pikeman
35:33 Squires
35:52 Chain Mail Armor
36:12 Iron Casting
35:59 Chain Barding Armor
36:20 Fortified Wall
36:06 Murder Holes
37:12 Chemistry
36:32 Ballistics
36:23 Masonry
36:16 Halberdier
38:08 Elite Conquistador
39:10 Conscription
42:53 Cavalier
43:46 Bloodlines
43:06 Light Cavalry
43:51 Husbandry
47:11 Supremacy
47:31 Hoardings
47:20 Paladin
47:21 Hussar
57:27 Elite Skirmisher
57:30 Heavy Mounted Crossbowman
65:53 Plate Barding Armor
65:48 Plate Mail Armor
66:19 Blast Furnace
65:20 Padded Archer Armor
lilith
9:05 Loom
11:41 Feudal Age
13:58 Town Watch
23:18 Castle Age
23:24 Double-Bit Axe
23:31 Gold Mining
24:03 Town Patrol
24:45 Wheelbarrow
23:56 Man-at-Arms
24:22 Gambesons
24:23 Arson
24:39 Squires
25:51 Long Swordsman
27:18 Stone Mining
27:26 Fletching
28:50 Padded Archer Armor
31:47 Hand Cart
31:26 Elite Skirmisher
32:11 Thumb Ring
34:31 Caravan
34:43 Horse Collar
39:00 Imperial Age
37:10 Scale Mail Armor
37:06 Bodkin Arrow
38:51 Town Patrol
40:47 Wootz Steel
41:05 Conscription
41:48 Leather Archer Armor
41:18 Two-Handed Swordsman
44:14 Stone Mining
44:43 Chain Mail Armor
45:04 Bow Saw
46:47 Ring Archer Armor
46:49 Plate Mail Armor
46:32 Forging
46:23 Bracer
46:41 Masonry
46:49 Champion
47:19 Heavy Scorpion
49:20 Hand Cart
49:30 Ballistics
49:21 Fortified Wall
49:34 Murder Holes
51:29 Hoardings
52:30 Devotion
52:51 Sanctity
55:16 Iron Casting
55:45 Chemistry
62:23 Pikeman
63:58 Halberdier
sermarqu
4:51 Loom
11:51 Feudal Age
17:24 Wheelbarrow
21:03 Castle Age
19:19 Horse Collar
19:39 Double-Bit Axe
28:38 Heavy Plow
29:41 Gold Mining
30:10 Fervor
31:20 Bloodlines
36:53 Imperial Age
34:56 Stone Mining
35:54 Town Watch
38:13 Ballistics
38:26 Town Patrol
39:46 Scale Barding Armor
40:30 Treadmill Crane
41:19 Heavy Camel Rider
42:04 Husbandry
46:13 Chain Barding Armor
46:04 Forging
47:45 Sanctity
51:04 Elite Janissary
57:49 Guilds
59:40 Guard Tower
Princesa Ico
11:37 Feudal Age
11:42 Loom
14:11 Wheelbarrow
16:44 Horse Collar
18:25 Man-at-Arms
19:09 Double-Bit Axe
23:03 Castle Age
21:22 Gold Mining
23:27 Bloodlines
24:04 Hand Cart
24:30 Caravan
24:40 Stone Mining
27:13 Husbandry
27:46 Bow Saw
29:38 Long Swordsman
30:20 Squires
37:30 Imperial Age
36:24 Stone Shaft Mining
39:17 Chemistry
39:15 Herbal Medicine
38:47 Cavalier
40:22 Fortified Wall
44:44 Forging
44:25 Elite Conquistador
45:28 Scale Barding Armor
45:06 Paladin
46:36 Bombard Tower
47:30 Ballistics
51:24 Chain Barding Armor
60:17 Plate Barding Armor
IMPERATORCXI
5:14 Loom
11:42 Feudal Age
12:08 Double-Bit Axe
13:53 Horse Collar
15:51 Gold Mining
15:58 Stone Mining
21:36 Castle Age
22:07 Wheelbarrow
25:09 Stone Shaft Mining
25:49 Heavy Plow
26:08 Town Watch
31:36 Imperial Age
29:25 Fortified Wall
29:36 Ballistics
28:57 Treadmill Crane
29:32 Bow Saw
29:17 Fletching
30:27 Silk Road
30:52 Masonry
30:45 Caravan
32:23 Hand Cart
33:02 Town Patrol
34:15 Chemistry
33:11 Murder Holes
33:35 Padded Archer Armor
34:30 Conscription
36:23 Crop Rotation
37:10 Architecture
36:45 Elite Skirmisher
37:31 Thumb Ring
37:29 Husbandry
37:39 Bloodlines
36:51 Light Cavalry
39:02 Guard Tower
39:14 Devotion
40:05 Elite Genoese Crossbowman
41:25 Hoardings
42:00 Leather Archer Armor
41:41 Bodkin Arrow
46:26 Two-Man Saw
45:29 Bracer
46:00 Ring Archer Armor
45:42 Forging
45:32 Scale Mail Armor
45:37 Scale Barding Armor
46:55 Pirotechnia
46:41 Hussar
46:44 Pikeman
47:25 Squires
55:15 Cavalier
60:48 Iron Casting
60:29 Chain Mail Armor
60:34 Chain Barding Armor
Connection lost

Rejoining the realm…

Still unreachable

The connection could not be restored.

Session expired

The server has moved on; the page needs a fresh start.